 Dungeon Crawl Stone Soup version 0.27-a0-59-gfbafd837a3 (webtiles) character file.

Game seed: 3952415406116419745

71 Borgoz the Skirmisher (level 4, -1/40 HPs)
             Began as a Ghoul Abyssal Knight on Jan 8, 2021.
             Was a Follower of Lugonu.
             Slain by an orc
             ... wielding a +1 mace of holy wrath
              (2 damage)
             ... on level 2 of the Dungeon.
             The game lasted 00:03:34 (3203 turns).

Borgoz the Skirmisher (Ghoul Abyssal Knight)        Turns: 3203, Time: 00:03:35

Health: -1/40      AC:  7    Str: 15    XL:     4   Next: 24%
Magic:  4/4        EV:  9    Int:  7    God:    Lugonu [*.....]
Gold:   71         SH:  3    Dex:  9    Spells: 3/3 levels left

rFire    . . .     SeeInvis .     - Unarmed
rCold    + . .     Faith    .   i - +0 buckler
rNeg     + + +     Spirit   .   b - +0 scale mail
rPois    ∞         Reflect  .   (no helmet)
rElec    .         Harm     .   (no cloak)
rCorr    .         Rampage  .   (no gloves)
Will     .....                  h - +0 pair of boots
Stlth    ..........             (no amulet)
HPRegen  0.00/turn              d - -4 ring of slaying (curse)
MPRegen  0.09/turn              (no ring)

@: no status effects
A: claws 1, cold resistance 1, negative energy resistance 3, inhibited
regeneration, torment resistance, unbreathing
a: Renounce Religion, Depart the Abyss


You were on level 2 of the Dungeon.
You worshipped Lugonu.
Lugonu was aware of your devotion.
You visited 1 branch of the dungeon, and saw 3 of its levels.
You visited the Abyss 1 time.

You collected 71 gold pieces.

Inventory:

Missiles
 a - a throwing net
Armour
 b - a +0 scale mail (worn)
 h - a +0 pair of boots (worn)
 i - a +0 buckler (worn)
Jewellery
 d - a cursed -4 ring of slaying (left claw)
Wands
 c - a wand of acid (9)
Scrolls
 e - a scroll of remove curse {unknown}
 g - 2 scrolls of identify


   Skills:
 + Level 3.7 Fighting
 + Level 2.3 Armour
 + Level 1.6 Dodging
 + Level 1.0 Shields
 + Level 2.9 Unarmed Combat
 - Level 2.2 Invocations


You had 3 spell levels left.
You didn't know any spells.
Your spell library was empty.

Dungeon Overview and Level Annotations

Branches:
Dungeon (3/15)

Altars:
Nemelex Xobeh
Zin

Annotations:
D:2 Sigmund


Innate Abilities, Weirdness & Mutations

You thrive by killing the living.
You are immune to poison.
You have sharp fingernails.
Your flesh is cold resistant. (rC+)
You are immune to negative energy. (rN+++)
You do not regenerate when monsters are visible.
You are immune to unholy pain and torment.
You can survive without breathing.


Message History

The orc wizard shouts!
The orc shouts! x2; The goblin shouts!
Found five items.
There is a stone staircase leading up here.
The orc wizard hits you but does no damage.
The orc closely misses you. The orc hits you but does no damage.
You climb upwards.
Level annotation: Sigmund
There is a stone staircase leading down here.
Something hits you but does no damage.
Deactivating autopickup; reactivate with Ctrl-A.
You see here a leather armour.
You closely miss something. The orc hits you but does no damage.
The orc wizard hits you but does no damage.
You scratch something. The orc closely misses you. Something hits you.
* * * LOW HITPOINT WARNING * * *
The orc closely misses you.
The orc wizard hits you but does no damage.
You scratch something. The orc hits you but does no damage.
The orc hits you with a +1 mace of holy wrath.
You die...

#..†.# # ####.#### ###.......#
#[......#.# #.#.##..#.#
#.#.....#.# #.#.# ######
#.#..##.#.###.#.## .. ..#
#.#.o##.......... .# #.#
###...o@{...##....# #.
.###.#####...##o##.###.....##...
.#...........##.................
...#.###......####{##...........
.###.# #.##.#.# #.####...#
.....# #.##.#.# #........#
###### #.##.#.# ######...#
######)##.#.# #...# ##
#)......#.#.# #...# #.


You could see an orc wizard and 2 orcs.

Vanquished Creatures
  2 adders (D:2)
  An ooze (D:2)
  A worm (D:2)
  A dart slug (D:1)
  A leopard gecko (D:2)
  4 giant cockroaches
  3 hobgoblins (D:1)
  9 jackals (D:2)
  A ball python (D:2)
  A bat (D:1)
  3 frilled lizards (D:2)
  5 goblins
  4 kobolds
  5 rats
41 creatures vanquished.

Notes
Turn   | Place    | Note
-------+----------+-------------------------------------------
     0 | Abyss:1  | Borgoz the Ghoul Abyssal Knight began the quest for the
                  | Orb.
     0 | Abyss:1  | Reached XP level 1. HP: 19/19 MP: 1/1
    44 | Abyss:2  | Noticed a large abomination
    49 | D:1      | Escaped the Abyss
   146 | D:1      | Reached skill level 1 in Dodging
   317 | D:1      | Reached * piety under Lugonu
   318 | D:1      | Reached XP level 2. HP: 18/26 MP: 2/2
  1526 | D:2      | HP: 1/26 [worm (7)]
  1902 | D:2      | Reached XP level 3. HP: 10/31 MP: 3/3
  2477 | D:2      | Found a glowing silver altar of Zin.
  2692 | D:2      | Found a sparkling altar of Nemelex Xobeh.
  2814 | D:2      | Reached XP level 4. HP: 30/40 MP: 4/4
  3069 | D:2      | Reached skill level 1 in Shields
  3165 | D:2      | Noticed Sigmund
  3202 | D:2      | HP: 1/40 [something (6)]
  3203 | D:2      | Slain by an orc

Illustrated notes

Levels and vault maps discovered:
D:1:      saegor_arrival_simple_c, layout_basic
D:2:      layout_loops_cross, lemuel_round_altar,
          nemelex_xobeh_ov_fountains_minmay, uniq_sigmund
D:3:      layout_basic, lemuel_blue_sif_altar

Skill      XL: |  1  2  3  4 |
---------------+-------------+-----
Dodging        | 1 |  1.6
Armour         | 2 |  2.3
Shields        | 1 |  1.0
Fighting       | |  3.7
Unarmed Combat | |  2.9
Invocations    | |  2.2

Action                   |  1- 3 |  4- 6 || total
-------------------------+-------+-------++-------
Melee: Unarmed           |   319 |    62 ||   381
Invok: Depart the Abyss  |     1 |       ||     1
  Use: Potion            |     6 |       ||     6
       Scroll            |     2 |       ||     2
Armor: Scale mail        |   155 |    30 ||   185
Dodge: Dodged            |   155 |    19 ||   174
Block: Buckler           |    30 |     3 ||    33

Table legend: (Time is in decaauts)
 A = Elapsed time spent in this place.
 B = Non-inter-level travel time spent in this place.
 C = Inter-level travel time spent in this place.
 D = Time resting spent in this place.
 E = Time spent auto-exploring this place.
 F = Levels seen in this place.
 G = Mean time per level.
                   A        B        C        D        E       F      G
               +--------+--------+--------+--------+--------+-----+--------+
         Total |   3195 |   3147 |     48 |   1793 |    708 |   5 |  639.0 |
       Dungeon |   3147 |   3099 |     48 |   1793 |    708 |   3 | 1049.0 |
         Abyss |     48 |     48 |      0 |      0 |      0 |   2 |   24.0 |
               +--------+--------+--------+--------+--------+-----+--------+

Top non-repeatable levels by time:
     D:2: 1829 daAuts
     D:1: 1315 daAuts
 Abyss:1: 31 daAuts
 Abyss:2: 17 daAuts
     D:3: 1 daAuts
